 Dungeon Crawl Stone Soup version 0.31.0-32-g396128a36d (webtiles) character file.

Game seed: 6931378608759624190

2188 Silvore the Basher (level 9, -12/78 HPs)
             Began as a Minotaur Fighter on Apr 11, 2024.
             Was an Initiate of the Shining One.
             Mangled by an orc warrior
             ... wielding a +0 battleaxe
              (16 damage)
             ... on level 6 of the Dungeon on Apr 12, 2024.
             The game lasted 00:08:10 (6384 turns).

Silvore the Basher (Minotaur Fighter)               Turns: 6384, Time: 00:08:11

Health: -12/78     AC:  8    Str: 25    XL:     9   Next: 12%
Magic:  8/8        EV: 11    Int:  5    God:    the Shining One [......]
Gold:   455        SH:  5    Dex: 10    Spells: 8/8 levels left

rFire   . . .        o - +0 morningstar
rCold   . . .        c - +0 buckler
rNeg    . . .        b - +0 scale mail
rPois   +            (helmet restricted)
rElec   .            (no cloak)
rCorr   .            (no gloves)
SInv    +            (no boots)
Will    .....        x - amulet of regeneration Stlth
                     f - ring of poison resistance
HPRegen 1.13/turn    v - ring of see invisible
MPRegen 0.11/turn

%: no passive effects
@: on fire, glowing
A: horns 2, retaliatory headbutt
a: Renounce Religion


You were on level 6 of the Dungeon.
You worshipped the Shining One.
The Shining One was noncommittal.
You visited 2 branches of the dungeon, and saw 7 of its levels.
You also visited: Sewer and Ossuary.

You collected 455 gold pieces.

Inventory:

Hand Weapons
 a - a +1 flail
 o - a +0 morningstar (weapon)
Armour
 b - a +0 scale mail (worn)
 c - a +0 buckler (worn)
Jewellery
 f - a ring of poison resistance (left hand)
 j - an amulet of magic regeneration
 t - a ring of positive energy
 v - a ring of see invisible (right hand)
 x - an amulet of regeneration (around neck)
Wands
 n - a wand of flame (21)
 p - a wand of quicksilver (1)
 s - a wand of mindburst (8)
Scrolls
 g - 5 scrolls of teleportation
 w - a scroll of identify
Potions
 d - a potion of mutation {unknown}
 e - a potion of ambrosia
 h - 5 potions of enlightenment
 i - 2 potions of magic {unknown}
 k - a potion of heal wounds {unknown}
 l - 10 potions of curing
 m - 2 potions of degeneration {unknown}
 q - 2 potions of brilliance
 r - a potion of lignification {unknown}
 u - a potion of might
 z - a potion of cancellation {unknown}
 A - a potion of invisibility {unknown}


   Skills:
 + Level 6.5 Fighting
 + Level 9.3 Maces & Flails
 + Level 8.0 Armour
 + Level 3.8 Dodging
 + Level 0.5 Stealth
 + Level 6.2 Shields


You had 8 spell levels left.
You didn't know any spells.
Your spell library was empty.

Dungeon Overview and Level Annotations

Branches:
Dungeon (6/15)             Temple (1/1) D:5           Sewer (visited)
Ossuary (visited)

Altars:
Ashenzari
Cheibriados
Dithmenos
Elyvilon
Gozag
Hepliaklqana
Kikubaaqudgha
Makhleb
Nemelex Xobeh
Qazlal
Sif Muna
Trog
Uskayaw
Vehumet
Wu Jian
Xom
Yredelemnul
Zin
The Shining One


Innate Abilities, Weirdness & Mutations

You have a pair of horns on your head.
You reflexively headbutt those who attack you in melee.


Message History

The liquid fire burns you! The sleepcap closely misses you.
You furiously retaliate!
You headbutt the sleepcap!
The orc warrior hits you with a +0 battleaxe!
You block the orange demon's attack.
You barely miss the bombardier beetle. You headbutt the bombardier beetle!
The bombardier beetle is almost dead.
The liquid fire burns you! The orc warrior barely misses you.
The sleepcap closely misses you. You furiously retaliate!
You headbutt the sleepcap.
You destroy the sleepcap!
The orange demon closely misses you.
The bombardier beetle waves its antennae.
The bombardier beetle bites you but does no damage.
The ynoxinul gestures.
You bludgeon the bombardier beetle!!
You kill the bombardier beetle!
The liquid fire burns you!
The orc warrior hits you with a +0 battleaxe.
The kobold demonologist gestures wildly while chanting.
The orange demon barely misses you.
You shake off some of the fire as you move.
The liquid fire burns you!
* * * LOW HITPOINT WARNING * * *
The ufetubus hits you but does no damage.
The ufetubus barely misses you.
The orc warrior hits you with a +0 battleaxe.
* * * LOW HITPOINT WARNING * * *
The kobold demonologist hits you with a +0 dagger.
* * * LOW HITPOINT WARNING * * *
The orange demon stings you but does no damage.
The orange demon hits you.
* * * LOW HITPOINT WARNING * * *
You block the ufetubus's attack.
The ufetubus hits you but does no damage.
You shake off some of the fire as you move.
The liquid fire burns you!
* * * LOW HITPOINT WARNING * * *
The orc warrior hits you with a +0 battleaxe!
You die...

....... ##### ..#
.........^ #$?$# ..#
.........# #...# ..#
........# #...# #.#
........+ #...# +.#
........## #435# ##.#
.........### #.K4# ###..#
...........####.5o####...##
.<......#.....##@##....###
.......##...........####
.......###...##..#..#
......## #...###...##
.....## #...##.....## #..
.....# #....#......## #..#
....## ##...........## #..#
...## #............##..#
...## #............#..#


You could see an orange demon (summoned), a hellwing (summoned), a kobold
demonologist, a ynoxinul (summoned), an orc warrior and 2 ufetubi.

Vanquished Creatures
  Grinder (D:4)
  The ghost of ilwentz the Conjurer, an amateur DgCj (D:4)
  Menkaure (D:5)
  Pargi (Sewer)
  A black bear (D:6)
  An ogre (D:4)
  A phantom (D:5)
  2 bullfrogs (D:6)
  3 scorpions
  A howler monkey (D:5)
  3 hounds (D:4)
  3 jellies
  2 bombardier beetles
  3 orc priests
  A gnoll bouda (D:4)
  An iguana (D:5)
  A sleepcap (D:6)
  Jessica (D:3)
  5 orc wizards (D:5)
  Natasha (thrice) (D:3)
  8 mummies (Ossuary)
  Robin (D:2)
  3 gnolls (D:4)
  8 adders
  A river rat (D:4)
  2 ufetubi (D:6)
  A dart slug (D:4)
  3 ribbon worms
  14 orcs
  6 endoplasms
  A giant cockroach (Sewer)
  12 goblins
  12 hobgoblins
  2 quokkas
  12 ball pythons
  8 bats
  2 frilled lizards
  2 gnoll zombies (Ossuary)
  A hobgoblin zombie (Ossuary)
  11 kobolds
  4 kobold zombies (Ossuary)
  An orc zombie (Ossuary)
  6 rats
157 creatures vanquished.

Notes
Turn   | Place    | Note
-------+----------+-------------------------------------------
     0 | D:1      | Silvore the Minotaur Fighter began the quest for the Orb.
     0 | D:1      | Reached XP level 1. HP: 19/19 MP: 0/0
   426 | D:1      | Reached XP level 2. HP: 10/27 MP: 1/1
  1112 | D:2      | Noticed Robin
  1119 | D:2      | Reached XP level 3. HP: 26/33 MP: 2/2
  1134 | D:2      | Killed Robin
  1214 | D:2      | Reached skill level 3 in Maces & Flails
  1483 | D:2      | Reached XP level 4. HP: 40/40 MP: 3/3
  1692 | D:2      | Found a faded altar of an unknown god.
  1889 | D:3      | Reached skill level 1 in Dodging
  1937 | D:3      | Found a burning altar of Makhleb.
  2060 | D:3      | Found an opulent altar of Gozag.
  2149 | D:3      | Noticed Natasha
  2154 | D:3      | Killed Natasha
  2167 | D:3      | Noticed Natasha
  2173 | D:3      | Killed Natasha
  2174 | D:3      | Reached skill level 5 in Armour
  2174 | D:3      | Reached XP level 5. HP: 37/47 MP: 4/4
  2490 | D:3      | Noticed Natasha
  2500 | D:3      | Killed Natasha
  2571 | D:3      | You fall into a shaft and drop 3 floors!
  2584 | D:6      | Noticed a black bear
  2601 | D:6      | Found a broken altar of Ashenzari.
  2632 | D:6      | Found an ornate altar of the Wu Jian Council.
  2653 | D:6      | Killed a black bear
  2654 | D:6      | Reached skill level 4 in Maces & Flails
  2654 | D:6      | Reached XP level 6. HP: 37/55 MP: 5/5
  2971 | D:6      | Reached skill level 5 in Fighting
  2996 | D:5      | Entered Level 5 of the Dungeon
  2998 | D:5      | Noticed Menkaure
  3004 | D:5      | Killed Menkaure
  3005 | D:5      | Reached skill level 5 in Maces & Flails
  3005 | D:5      | Reached skill level 5 in Shields
  3064 | D:5      | Reached XP level 7. HP: 35/61 MP: 6/6
  3198 | D:5      | Found a sand-covered staircase.
  3209 | Ossuary  | Entered an ossuary
  3663 | D:5      | Reached skill level 6 in Maces & Flails
  4235 | D:4      | Found a transporter.
  4245 | D:4      | Noticed ilwentz's ghost (amateur DgCj)
  4246 | D:4      | Found a transporter.
  4259 | D:4      | Reached skill level 7 in Maces & Flails
  4259 | D:4      | Reached XP level 8. HP: 70/70 MP: 7/7
  4320 | D:4      | Noticed Grinder
  4320 | D:4      | Paralysed by Grinder for 3 turns
  4330 | D:4      | Killed Grinder
  4520 | D:4      | Found a hazy altar of Hepliaklqana.
  4600 | D:4      | Reached skill level 8 in Maces & Flails
  4609 | D:4      | Found a glowing drain.
  4614 | Sewer    | Entered a sewer
  4722 | Sewer    | Noticed Pargi
  4740 | Sewer    | Killed Pargi
  5019 | D:3      | Noticed Jessica
  5024 | D:3      | Killed Jessica
  5710 | D:4      | Killed ilwentz's ghost
  5711 | D:4      | Reached skill level 9 in Maces & Flails
  5711 | D:4      | Reached XP level 9. HP: 65/78 MP: 8/8
  5871 | D:5      | Found a staircase to the Ecumenical Temple.
  5896 | Temple   | Entered the Ecumenical Temple
  5908 | Temple   | Became a worshipper of the Shining One
  6369 | D:6      | Noticed a kobold demonologist
  6370 | D:6      | Noticed an orange demon
  6383 | D:6      | Noticed a hellwing
  6384 | D:6      | HP: 2/78 [burnt (5)]
  6384 | D:6      | Mangled by an orc warrior

Illustrated notes

Levels and vault maps discovered:
D:1:      sevenhm_arrival_forest_fort_large_2, layout_loops_corners,
          minmay_misc_feat_columns, minivault_27
D:2:      layout_loops_ring, nicolae_ecumenical_lake_church, uniq_robin
D:3:      layout_loops_ring, nicolae_gozag_seed_capital,
          mainiacjoe_overflow_24_doors, kennysheep_generic_room_10,
          uniq_jessica, uniq_natasha
D:4:      layout_basic, worldfamousw_hep_ancestral_shrine,
          lightli_sewer_entry_pipes, gammafunk_ghost_smash, uniq_grinder
D:5:      layout_basic, minmay_temple_entry_mini_moons,
          nicolae_ossuary_entry_monument, uniq_menkaure
D:6:      layout_cave_pods, mainiacjoe_overflow_small_starburst,
          lemuel_doored_altar, mainiacjoe_overflow_big_doors,
          minmay_divided_ellipse
Temple:   nicolae_temple_ecumenical_triangle

Skill      XL: |  1  2  3  4  5  6  7  8  9 |
---------------+----------------------------+-----
Fighting       | 4 5 6 |  6.5
Armour         | 4 5 6 7 8 |  8.0
Shields        | 4 5 6 |  6.2
Maces & Flails | 3 4 5 7 9 |  9.3
Dodging        | 1 2 3 |  3.8
Stealth        | |  0.5

Action                     |  1- 3 |  4- 6 |  7- 9 || total
---------------------------+-------+-------+-------++-------
  Melee: Flail             |    84 |    84 |   107 ||   275
         Headbutt          |    11 |     8 |    38 ||    57
         Morningstar       |       |       |   144 ||   144
    Use: Scroll            |     3 |     2 |     6 ||    11
         Potion            |     1 |       |     2 ||     3
 Armour: Scale mail        |    61 |    87 |   199 ||   347
  Dodge: Dodged            |    50 |    45 |   131 ||   226
  Block: Buckler           |    26 |    27 |    59 ||   112
